 Dungeon Crawl Stone Soup version 0.23.2 (webtiles) character file.

Game seed: 13187780576969381882

107 ward999 the Covered (level 5, 0/41 HPs)
             Began as a Human Fighter on Apr 5, 2019.
             Killed from afar by an orc wizard (3 damage)
             ... with a magic dart
             ... on level 3 of the Dungeon.
             The game lasted 00:07:52 (611 turns).

ward999 the Covered (Human Fighter)                  Turns: 611, Time: 00:07:53

Health: 0/41       AC:  6    Str: 17    XL:     5   Next: 11%
Magic:  5/5        EV:  9    Int:  8    God:
Gold:   55         SH:  5    Dex: 13    Spells: 4/4 levels left

rFire    . . .     SeeInvis .   a - +0 long sword
rCold    . . .     Gourm    .   o - +0 buckler
rNeg     . . .     Faith    .   b - +0 scale mail
rPois    .         Spirit   .   (no helmet)
rElec    .         Reflect  .   (no cloak)
rCorr    .         Harm     .   (no gloves)
MR       .....                  (no boots)
Stlth    ..........             (no amulet)
HPRegen  0.13/turn              r - ring of attention (curse) {kill me}
MPRegen  0.09/turn              (no ring)

@: no status effects
A: no striking features
a: no special abilities


You were on level 3 of the Dungeon.
You were not hungry.

You visited 1 branch of the dungeon, and saw 3 of its levels.

You collected 55 gold pieces.

Inventory:

Hand Weapons
 a - a +0 long sword (weapon)
 i - a +0 hand axe
Missiles
 g - 38 stones (quivered)
 h - 7 tomahawks of returning
 n - 17 sling bullets
 v - 20 arrows
Armour
 b - a +0 scale mail (worn)
 c - a +0 shield
 e - a +0 ring mail
 k - a +0 robe
 o - a +0 buckler (worn)
 q - a +0 ring mail
 s - a +0 leather armour
Jewellery
 r - a cursed ring of attention (left hand) {kill me}
Scrolls
 m - a scroll of identify {unknown}
 p - a scroll of blinking {unknown}
 u - a scroll of teleportation {unknown}
Potions
 d - a potion of might
 j - 2 potions of brilliance {unknown}
 t - a potion of berserk rage {unknown}
Comestibles
 f - 3 rations
 l - 11 chunks of flesh


   Skills:
 + Level 3.4 Fighting
 + Level 3.3 Long Blades
 + Level 3.6 Armour
 + Level 0.8 Dodging
 + Level 3.5 Shields


You had 4 spell levels left.
You didn't know any spells.
Your spell library was empty.

Dungeon Overview and Level Annotations

Branches:
Dungeon (3/15)

Altars:

Annotations:
D:2 Natasha


Message History

A hobgoblin comes into view. It is wielding a +0 club.
Natasha hisses angrily.
The hobgoblin shouts!
You feel sick. Natasha casts a spell at you. The magic dart hits you.
* * * LOW HITPOINT WARNING * * *
Found a flail.
You feel sick.
You are no longer poisoned.
Found a stone staircase leading down.
There is a stone staircase leading down here.
You climb downwards.
A rat comes into view.
Found 12 gold pieces.
There is a stone staircase leading up here.
An orc wizard comes into view. It is wielding a +0 dagger.
The orc wizard shouts!
You hear a shout! x3
The orc wizard points at you and mumbles some strange words.
The magic dart hits you.
You die...

### ..# #.# #.#
#.####.# #####
.....# #....
#..##..##.#
#.@.<.....#
.............###
o..######...## .
##..# .r.. ...$#
...≈# ≈≈≈.#


You could see an orc wizard and a rat.

Vanquished Creatures
  Natasha (D:2)
  4 gnolls
  2 adders (D:2)
  2 dart slugs
  7 goblins
  A hobgoblin (D:1)
  A ball python (D:2)
  2 bats (D:1)
  3 kobolds
  5 rats
28 creatures vanquished.

Notes
Turn   | Place    | Note
-------+----------+-------------------------------------------
     0 | D:1      | ward999 the Human Fighter began the quest for the Orb.
     0 | D:1      | Reached XP level 1. HP: 18/18 MP: 1/1
    38 | D:1      | Reached XP level 2. HP: 24/24 MP: 2/2
   244 | D:1      | Reached XP level 3. HP: 22/29 MP: 3/3
   451 | D:2      | Reached XP level 4. HP: 27/35 MP: 4/4
   554 | D:2      | Noticed Natasha
   559 | D:2      | Killed Natasha
   559 | D:2      | Reached XP level 5. HP: 33/41 MP: 5/5
   598 | D:2      | Noticed Natasha
   604 | D:2      | HP: 2/41 [poisoned by an adder]
   611 | D:3      | Killed from afar by an orc wizard

Skill      XL: |  1  2  3  4 |
---------------+-------------+-----
Long Blades    | 3 |  3.3
Fighting       | |  3.4
Armour         | |  3.6
Dodging        | |  0.8
Shields        | |  3.5

Action                   |  1- 3 |  4- 6 || total
-------------------------+-------+-------++-------
Melee: Long sword        |    59 |    28 ||    87
  Use: Scroll            |     1 |       ||     1
       Potion            |       |     1 ||     1
Armor: Scale mail        |    39 |     9 ||    48
Dodge: Dodged            |    18 |    24 ||    42
Block: Shield            |    23 |       ||    23
       Buckler           |     8 |    12 ||    20
       Rpst.: Long sword |     8 |     5 ||    13
